Map: Odyssey LE

Players

MaNa

  • Race: Protoss Protoss
  • Spawn Location: 11:00

Avokado - Winner!

  • Race: Terran Terran
  • Spawn Location: 5:00

Event: WCS Jonkoping 2017

VOD

Have the link to the VOD?

Description

Time

  • Played on: June 17, 2017, 9:29 a.m.
  • Length: 10:14

All games in this series

Show
View Real Time Build Order
Export as new Build Order

MaNa Protoss 

Build Orders: Oracle Opening 

Get SALT Encoding   

  12  0:00  Probe (Chrono Boost)  
  13  0:11  Probe (Chrono Boost)  
  14  0:17  Pylon  
  14  0:22  Probe (Chrono Boost)  
  16  0:35  Probe (Chrono Boost)  
  16  0:36  Gateway  
  16  0:42  Assimilator  
  16  0:47  Probe (Chrono Boost)  
  17  0:57  Probe (Chrono Boost)  
  17  0:58  Assimilator  
  18  1:08  Probe (Chrono Boost)  
  20  1:18  Probe (Chrono Boost)  
  20  1:23  Cybernetics Core  
  20  1:27  Pylon  
  20  1:29  Probe (Chrono Boost)  
  21  1:39  Probe (Chrono Boost)  
  22  1:50  Probe (Chrono Boost)  
  22  1:52  Nexus  
  23  2:05  Stargate  
  23  2:06  Probe (Chrono Boost)  
  24  2:12  Adept (Chrono Boost)  
  24  2:14  Warp Gate (Chrono Boost)  
  26  2:17  Probe  
  27  2:29  Pylon  
  28  2:30  Probe (Chrono Boost)  
  28  2:35  Adept  
  30  2:41  Probe (Chrono Boost)  
  31  2:51  Oracle (Chrono Boost)  
  34  2:53  Probe  
  35  3:03  Probe  
  35  3:05  Probe  
  37  3:15  Probe, Gateway x2  
  37  3:19  Probe  
  39  3:26  Oracle (Chrono Boost)  
  42  3:28  Probe  
  42  3:31  Probe  
  44  3:37  Pylon  
  44  3:41  Probe  
  45  3:44  Mothership Core  
  45  3:47  Pylon  
  47  3:53  Probe  
  48  4:07  Probe x2  
  50  4:15  Stalker x3  
  56  4:19  Probe  
  56  4:20  Probe  
  58  4:33  Nexus  
  58  4:38  Stalker x3  
  58  4:43  Probe x2  
  66  4:57  Probe  
  65  5:02  Zealot x2  
  65  5:04  Zealot  
  70  5:07  Forge  
  70  5:08  Twilight Council  
  70  5:14  Pylon  
  70  5:25  Probe x2  
  68  5:30  Stalker  
  68  5:33  Stalker x2  
  73  5:39  Charge  
  73  5:40  Pylon  
  69  5:43  Pylon  
  69  5:45  Assimilator  
  69  5:47  Assimilator  
  64  5:58  Stalker x2  
  54  6:12  Zealot, Gateway x2  
  54  6:13  Probe x2  
  54  6:14  Gateway  
  54  6:15  Gateway  
  58  6:25  Probe x2  
  60  6:27  Zealot, Sentry  
  60  6:30  Nexus  
  60  6:31  Protoss Ground Armor Level 1 (Chrono Boost)  
  61  6:35  Pylon  
  61  6:37  Probe x2, Sentry  
  65  6:48  Robotics Facility  
  65  6:52  Pylon  
  65  6:53  Stalker  
  67  6:56  Zealot  
  67  6:58  Mothership Core  
  71  7:03  Probe  
  72  7:12  Phoenix  
  72  7:14  Zealot, Pylon  
  72  7:15  Probe  
  77  7:20  Zealot  
  77  7:21  Zealot  
  81  7:23  Zealot x2  
  81  7:28  Pylon  
  81  7:29  Pylon  
  85  7:35  Zealot x3  
  85  7:36  Observer  
  92  7:42  Probe  
  92  7:43  Probe  
  94  7:49  Zealot  
  94  7:50  Zealot x3  
  94  7:58  Warp Prism  
  94  8:02  Zealot x3  
  102  8:08  Protoss Ground Armor Level 2 (Chrono Boost)  
  102  8:11  Templar Archives  
  102  8:16  Pylon  
  102  8:29  Phoenix  
  103  8:35  Nexus  
  93  8:49  High Templar  
  93  8:50  Zealot x3, High Templar x3  
  93  8:54  Archon x2  
  91  9:05  Probe x2  
  91  9:08  Pylon  
  79  9:29  Zealot x3, High Templar x2  
  79  9:30  Zealot x2  
  79  9:31  Immortal (Chrono Boost)  
  89  9:34  Archon  
  80  9:50  Zealot x3, Sentry  
  80  9:51  Zealot  
  89  10:01  Zealot x2  
Show
View Real Time Build Order
Export as new Build Order

Avokado Terran - Winner!

Build Orders: MMM Bio 

Get SALT Encoding   

  12  0:00  SCV  
  13  0:13  SCV  
  14  0:17  Supply Depot  
  14  0:25  SCV  
  15  0:38  SCV  
  15  0:40  Barracks  
  16  0:44  Refinery  
  16  0:50  SCV  
  17  1:02  SCV  
  18  1:14  SCV  
  19  1:26  Orbital Command  
  19  1:27  Marine  
  20  1:39  Command Center  
  20  1:49  Factory  
  20  1:53  SCV  
  21  2:04  Barracks Reactor  
  21  2:05  Supply Depot  
  21  2:06  SCV  
  22  2:13  Refinery  
  22  2:18  SCV  
  23  2:30  SCV  
  24  2:39  Starport  
  24  2:41  Marine x2  
  24  2:42  SCV  
  24  2:43  Widow Mine  
  29  2:50  Orbital Command  
  29  2:54  SCV  
  30  2:59  Marine x2  
  32  3:06  SCV  
  33  3:14  Cyclone  
  33  3:17  Marine x2  
  33  3:19  SCV  
  39  3:20  Medivac  
  39  3:21  SCV  
  39  3:26  Supply Depot  
  42  3:33  SCV  
  43  3:34  SCV  
  43  3:35  Marine x2  
  46  3:45  Supply Depot  
  46  3:48  SCV x2, Cyclone  
  51  3:56  Marine  
  51  3:57  Engineering Bay  
  51  3:58  Marine  
  51  4:00  SCV  
  54  4:06  SCV  
  54  4:08  Supply Depot  
  55  4:10  Supply Depot  
  55  4:12  SCV  
  55  4:14  Marine  
  55  4:16  Marine  
  58  4:18  Viking  
  60  4:24  SCV  
  60  4:25  SCV  
  60  4:29  Cyclone  
  65  4:32  Marine  
  65  4:34  Marine, Missile Turret  
  65  4:36  Missile Turret  
  65  4:37  SCV  
  68  4:41  SCV  
  69  4:49  SCV  
  69  4:50  Marine, Viking, Supply Depot  
  69  4:51  Marine  
  72  4:59  SCV  
  72  5:01  SCV  
  73  5:07  Factory Tech Lab  
  73  5:09  Marine x2  
  73  5:11  SCV  
  73  5:12  Command Center  
  76  5:15  SCV, Supply Depot  
  77  5:27  Marine x2  
  78  5:31  Siege Tank  
  80  5:39  Supply Depot  
  79  5:44  Marine, Barracks x2  
  79  5:45  Refinery  
  79  5:46  Refinery  
  79  5:47  SCV  
  79  5:48  Marine  
  79  5:49  Starport Tech Lab  
  82  5:54  Supply Depot  
  82  6:02  Marine  
  80  6:05  SCV, Barracks, Marine  
  80  6:08  Barracks  
  79  6:15  SCV  
  79  6:17  SCV  
  79  6:18  Supply Depot  
  81  6:21  Terran Infantry Weapons Level 1  
  81  6:22  Starport Reactor  
  81  6:23  Factory Reactor  
  81  6:26  Marine, Engineering Bay  
  81  6:27  Marine, Orbital Command  
  81  6:31  SCV x2  
  85  6:44  SCV x2  
  87  6:48  Marauder x2, Combat Shields  
  87  6:49  Stimpack, Marine x2, Armory  
  94  6:56  SCV  
  94  6:57  Barracks Reactor  
  94  6:58  Barracks Tech Lab  
  94  7:00  Terran Infantry Armor Level 1  
  94  7:01  SCV  
  95  7:05  Orbital Command  
  95  7:08  Marine, SCV  
  96  7:09  Marauder  
  96  7:12  Widow Mine  
  96  7:13  SCV  
  102  7:18  Refinery  
  102  7:19  Marauder x2, Refinery  
  102  7:20  Marine  
  107  7:23  SCV  
  107  7:25  Marine  
  109  7:31  Marauder  
  109  7:32  Widow Mine  
  109  7:35  SCV  
  109  7:36  SCV  
  114  7:38  SCV, Marine  
  114  7:41  Marauder x2  
  114  7:43  Marine  
  121  7:47  SCV  
  112  7:52  Marauder  
  112  7:53  Marine x2  
  112  7:55  Widow Mine  
  112  7:56  Marine, Medivac  
  112  7:57  SCV  
  117  7:59  SCV x2  
  117  8:01  Marine, Widow Mine  
  117  8:02  Marauder x2  
  126  8:06  Medivac  
  126  8:11  Marine x2  
  130  8:13  Marauder  
  130  8:18  Marine, Supply Depot  
  130  8:19  Supply Depot x2  
  133  8:22  Marine  
  133  8:23  Marauder  
  133  8:24  Widow Mine  
  133  8:26  Medivac, Concussive Shells  
  140  8:32  Marine, Supply Depot  
  141  8:39  Marine, Widow Mine  
  141  8:40  Marauder x2  
  148  8:45  Marauder  
  138  8:50  Marine x3  
  138  8:52  Widow Mine  
  126  8:56  Medivac  
  126  8:57  Marine, Medivac  
  126  9:01  Marauder x2  
  130  9:05  Barracks x2  
  130  9:06  Marauder  
  130  9:08  Barracks, Widow Mine  
  134  9:13  Marine  
  131  9:21  Widow Mine  
  131  9:23  Marauder x2, Supply Depot  
  132  9:26  Medivac x2  
  132  9:28  Marauder  
  134  9:32  Marine x2  
  134  9:36  Widow Mine  
  134  9:38  Marine x2  
  138  9:44  Marauder x2  
  144  9:48  Marine  
  144  9:49  Marine  
  144  9:50  Marine  
  144  9:52  Barracks Tech Lab  
  148  9:55  Barracks Reactor, Barracks Tech Lab  
Tags
 
Add a new tag
Caveats
  • Supply blocks, unpowered buildings, or Contaminate may cause inaccurate times.
  • Supply counts are checked every 10 seconds.